AoeStats
← kaib1249

Arabian Desert

510403375Analyzed
1v1 RM · 21h ago on Sep 30, 2026· 24m 15s· 2 players
Game mode
Random Map
Map size
Tiny (2 player)
Population
200
Speed
Normal
Resources
Standard
Victory
Conquest
Starting age
Dark Age
Ending age
Imperial Age
RankedLock teamsTeams togetherTeam positionsShared explorationLock speedFull tech treeHidden civsTurbo modeCheats
Victory
Defeat
🇺🇸 Tatars · United States
611
+17
🇲🇽 Portuguese · Mexico
630
-17
kaib1249
11:25 Loom
13:15 Feudal Age
14:55 Double-Bit Axe
16:17 Fletching
21:15 Castle Age
21:16 Crossbowman
22:30 Horse Collar
educornejo07
4:55 Loom
11:01 Feudal Age
11:31 Double-Bit Axe
12:48 Horse Collar
21:41 Castle Age
Connection lost

Rejoining the realm…

Still unreachable

The connection could not be restored.

Session expired

The server has moved on; the page needs a fresh start.